 Dungeon Crawl Stone Soup version 0.23.2-1-ga50397a (webtiles) character file.

Game seed: 18126425490639099541

54852 troglodite the Fighter (level 14, -7/116 HPs)
             Began as a Demonspawn Berserker on Apr 16, 2019.
             Was a High Priest of Trog.
             Mangled by a moth of wrath (12 damage)
             ... on level 3 of the Lair of Beasts on Apr 22, 2019.
             The game lasted 01:32:00 (27656 turns).

troglodite the Fighter (Demonspawn Berserker)      Turns: 27656, Time: 01:32:01

Health: -7/116     AC: 17    Str: 23    XL:     14   Next: 36%
Magic:  14/14      EV: 17    Int:  9    God:    Trog [*****.]
Gold:   1688       SH: 15    Dex: 12    Spells: 13/13 levels left

rFire    . . .     SeeInvis .   O - +9 scimitar (flame)
rCold    . . .     Gourm    .   V - +0 buckler
rNeg     + + .     Faith    .   R - +3 leather armour of Valiance {rN++ rCorr Dex-3 Stlth+}
rPois    .         Spirit   .   d - +2 helmet
rElec    .         Reflect  +   k - +0 cloak
rCorr    +         Harm     .   X - +2 pair of gloves {Str+3}
MR       ++...                  U - +0 pair of boots (curse)
Stlth    +++++++...             I - +3 amulet of reflection
HPRegen  0.29/turn              p - ring of protection from magic
MPRegen  0.14/turn              Y - ring of stealth

@: lethally poisoned (-7 -> -19), about to teleport, berserk cooldown, slowed,
very slow
A: talons 1, large bone plates 3, nightstalker 2
a: Berserk, Trog's Hand, Brothers in Arms, Renounce Religion


You were on level 3 of the Lair of Beasts.
You worshipped Trog.
Trog was extremely pleased with you.
You were not hungry.

You visited 3 branches of the dungeon, and saw 19 of its levels.
You also visited: Sewer, Gauntlet and Ice Cave.

You collected 1964 gold pieces.
You spent 276 gold pieces at shops.

Inventory:

Hand Weapons
 H - the +8 morningstar of Gozag's Wrath {freeze, *Corrode rF+ Dex+7}
   (You found it on level 7 of the Dungeon)

   It has been specially enchanted to freeze those struck by it, causing extra
   injury to most foes and up to half again as much damage against particularly
   susceptible opponents.
   It can also slow down cold-blooded creatures.
   It affects your dexterity (+7).
   It protects you from fire.
   It may corrode you when you take damage.
 N - the +7 trident of Amise {flame, +Fly rPois Str+4 Dex-5}
   (You took it off a minotaur in a Gauntlet)

   It has been specially enchanted to burn those struck by it, causing extra
   injury to most foes and up to half again as much damage against particularly
   susceptible opponents.
   It affects your strength (+4).
   It affects your dexterity (-5).
   It protects you from poison.
   It lets you fly.
 O - a +9 scimitar of flaming (weapon)
 W - a +2 scimitar of slicing
Armour
 d - a +2 helmet (worn)
 k - a +0 cloak (worn)
 R - the +3 leather armour of Valiance (worn) {rN++ rCorr Dex-3 Stlth+}
   (You found it on level 8 of the Dungeon)

   It affects your dexterity (-3).
   It greatly protects you from negative energy.
   It provides partial protection from all sources of acid and corrosion.
   It makes you more stealthy.
 U - a cursed +0 pair of boots (worn)
 V - a +0 buckler (worn)
 X - a +2 pair of gloves of strength (worn)
Jewellery
 n - an uncursed ring of resist corrosion
 o - an uncursed ring of protection from fire
 p - a ring of protection from magic (left hand)
 v - the ring "Zalent" {+Blink +Fly SInv}
   (You found it in a Gauntlet)

   [ring of flight]

   It lets you see invisible.
   It lets you fly.
   It lets you blink.
 w - the ring "Zogyxy Rarych" {Str-3 Dex+4}
   (You found it on level 4 of the Dungeon)

   [ring of strength]

   It affects your strength (-3).
   It affects your dexterity (+4).
 z - a +3 ring of dexterity
 I - a +3 amulet of reflection (around neck)
 P - a +6 ring of strength
 Q - an uncursed ring of see invisible
 Y - a ring of stealth (right hand)
Wands
 a - a wand of digging (7)
 q - a wand of polymorph (9)
Scrolls
 b - 2 scrolls of remove curse
 e - 11 scrolls of teleportation
 h - a scroll of magic mapping
 i - a scroll of acquirement {unknown}
 l - 4 scrolls of blinking
 m - 5 scrolls of identify
 y - 2 scrolls of fear
 D - 6 scrolls of fog
 L - a scroll of summoning
Potions
 g - 6 potions of berserk rage
 j - 3 potions of agility
 r - 3 potions of lignification
 s - 8 potions of heal wounds
 u - 3 potions of curing
 A - 3 potions of brilliance
 B - a potion of magic
 E - 2 potions of might
 J - 2 potions of haste
 S - a potion of resistance
 T - 2 potions of mutation
 Z - a potion of flight
Comestibles
 c - 12 rations


   Skills:
 * Level 12.4 Fighting
 + Level 12.2 Long Blades
 + Level 5.3 Maces & Flails
 * Level 10.9 Armour
 * Level 10.4 Dodging
 + Level 5.6 Stealth
 * Level 2.6 Shields


You had 13 spell levels left.
You didn't know any spells.
Your spell library was empty.

Dungeon Overview and Level Annotations

Branches:
Dungeon (14/15)            Temple (0/1) D:5            Lair (3/6) D:11
  Swamp (0/4) Lair:3          Orc (2/2) D:9             Elf (0/3) Orc:2
 Vaults (0/5) D:13
  Snake: Lair:2-4    Spider: Lair:2-4

Altars:
Ashenzari
Cheibriados
Gozag
Hepliaklqana
Makhleb
Okawaru
Ru
Sif Muna
Trog
Zin
The Shining One

Shops:
D:6 [   D:7 :   D:11 (   D:13 [   Orc:2 *((?

Annotations:
D:14 exclusion: Roxanne, Roxanne
Lair:3 Nuesmol's ghost, journeyman FoFi


Innate Abilities, Weirdness & Mutations

You have sharp toenails.
You are completely covered in large bone plates. (SH +8)
You are significantly more attuned to the shadows.


Message History

You block the black mamba's attack. You block the moth of wrath's attack.
The black mamba completely misses you.
You riposte.
You slash the black mamba! You burn the black mamba.
The black mamba is severely wounded.
You block the moth of wrath's attack. The black mamba misses you.
You feel better. You block the black mamba's attack. x3
The moth of wrath bites you but does no damage.
The black mamba barely misses you. The moth of wrath misses you.
As you read the scroll of teleportation, it crumbles to dust.
You feel strangely unstable. You block the black mamba's attack.
The black mamba barely misses you.
You riposte.
You hit the black mamba. You burn the black mamba.
The black mamba is almost dead.
The black mamba bites you.
* * * LOW HITPOINT WARNING * * *
You are lethally poisoned!
The black mamba poisons you! The moth of wrath bites you!
* * * LOW HITPOINT WARNING * * *
You block the black mamba's attack. The moth of wrath bites you!
You die...

..............#....#
...............#P.##
♣#......###.....P..#
♣##....##.#####....##
# #....# .....##....#
####..##..#....##..##
.##...#.#...#..©#..#
...##.# .#.##W.##S.#
...#P.##(#..$#.#@y.#
.......#$#....l##..#
...#..©#![.©#...#.##
.####..#).#†..#.#.#
.# ##.##.....#.##.##
####..#..#.#...#...#
#.#...#.S#.#...#.###
......##l......#..#
.......###...###.##
###


You could see a moth of wrath and a black mamba (berserk).

Vanquished Creatures
  A frost giant (IceCv)
  An orc warlord (Orc:1)
  A minotaur (Gauntlet)
  A vault guard (D:13)
  A hydra (Lair:3)
  A two-headed ogre (D:10)
  A centaur warrior (D:13)
  Erica (D:8)
  2 tengu warriors (D:13)
  4 orc high priests (Orc:2)
  2 large abominations (Gauntlet)
  4 orc knights (Orc:2)
  Pikel (D:6)
  A deep elf mage (D:8)
  8 orc sorcerers
  An ugly thing (D:11)
  A cyclops (D:13)
  Joseph (D:8)
  An ice statue (IceCv)
  A gargoyle (D:13)
  3 spiny frogs
  6 molten gargoyles (D:13)
  4 komodo dragons
  2 rime drakes
  5 trolls
  17 polar bears
  Grinder (D:3)
  A slime creature (D:12)
  5 blink frogs (Lair:2)
  3 hippogriffs
  A spriggan (D:7)
  A shadow (D:11)
  3 vampires
  A ynoxinul (Gauntlet)
  A wraith (D:12)
  A wyvern (D:13)
  39 yaks
  Grum (D:8)
  3 hungry ghosts
  7 wargs
  8 water moccasins
  3 swamp worms (Lair:3)
  3 porcupines
  26 orc warriors
  2 ice beasts
  3 phantoms
  A black bear (D:13)
  5 sky beasts
  3 necrophages
  8 centaurs
  14 ogres
  2 eyes of draining (D:11)
  21 wolves
  4 crocodiles
  4 big kobolds
  A wyvern zombie (D:13)
  15 bullfrogs
  A wyvern skeleton (D:12)
  2 scorpions
  2 small abominations (Gauntlet)
  2 troll zombies (D:9)
  18 killer bees
  9 wights
  5 electric eels
  3 howler monkeys
  9 crimson imps
  A bullfrog zombie (D:12)
  8 hounds
  2 jellies
  A gnoll shaman (D:5)
  11 orc priests
  3 bullfrog skeletons
  19 orc wizards
  2 iron imps (Gauntlet)
  Ijyb (D:4)
  Natasha (D:2)
  5 iguanas
  2 hell rats (Lair:3)
  15 worker ants
  A killer bee zombie (D:8)
  6 ogre zombies (D:9)
  A worker ant zombie (D:7)
  9 gnolls
  13 adders
  11 river rats
  2 shadow imps
  A white imp (D:14)
  An ufetubus (D:14)
  3 oozes
  An adder zombie (D:6)
  3 adder skeletons
  3 worms
  2 dart slugs (D:2)
  3 leopard geckos
  74 orcs
  7 giant cockroaches
  2 goblins
  11 hobgoblins
  13 jackals
  6 quokkas
  5 ball pythons
  4 bats
  11 frilled lizards
  3 goblin skeletons (D:9)
  2 goblin zombies (D:9)
  2 hobgoblin zombies (D:9)
  34 kobolds
  A leopard gecko skeleton (D:4)
  4 orc skeletons (D:9)
  14 orc zombies (D:9)
  17 rats
655 creatures vanquished.

Vanquished Creatures (collateral kills)
  An orc warlord (Orc:1)
  A death ooze (Gauntlet)
  An orc knight (Orc:1)
  An orc sorcerer (Orc:1)
  A troll (D:12)
  2 slime creatures (D:12)
  2 small abominations (Gauntlet)
  A warg (Orc:1)
  A soldier ant (D:12)
  A large abomination (Gauntlet)
  3 orc warriors (Orc:1)
  2 centaurs (D:12)
  A howler monkey (D:12)
  An orc priest (Orc:1)
  2 orcs (Orc:1)
21 creatures vanquished.

Vanquished Creatures (others)
  2 slaves (D:6)
  A bullfrog (D:6)
  A hound (D:6)
  A fungus (Lair:2)
5 creatures vanquished.

Grand Total: 681 creatures vanquished

Notes
Turn   | Place    | Note
-------+----------+-------------------------------------------
     0 | D:1      | troglodite the Demonspawn Berserker began the quest for the
                  | Orb.
     0 | D:1      | Reached XP level 1. HP: 18/18 MP: 1/1
   570 | D:1      | Gained mutation: You are slightly more attuned to the
                  | shadows. [demonic ancestry]
   570 | D:1      | Reached XP level 2. HP: 20/24 MP: 2/2
  1339 | D:2      | Gained mutation: You are significantly more attuned to the
                  | shadows. [demonic ancestry]
  1339 | D:2      | Reached XP level 3. HP: 22/29 MP: 3/3
  1642 | D:2      | Noticed Natasha
  1647 | D:2      | Killed Natasha
  1692 | D:2      | Found a snail-covered altar of Cheibriados.
  1869 | D:2      | Reached XP level 4. HP: 37/37 MP: 4/4
  2089 | D:2      | Reached ** piety under Trog
  2100 | D:2      | Noticed a phantom
  2101 | D:2      | Found a faded altar of an unknown god.
  2180 | D:2      | Killed a phantom
  2180 | D:2      | Gained mutation: You are partially covered in large bone
                  | plates. (SH +4) [demonic ancestry]
  2180 | D:2      | Reached XP level 5. HP: 20/42 MP: 5/5
  2816 | D:3      | Noticed Grinder
  2818 | D:3      | Found a deep blue altar of Sif Muna.
  2827 | D:3      | Killed Grinder
  2827 | D:3      | Reached XP level 6. HP: 41/49 MP: 6/6
  3337 | D:3      | Found a sacrificial altar of Ru.
  3930 | D:4      | Noticed Ijyb
  3941 | D:4      | Killed Ijyb
  3943 | D:4      | Gained mutation: You are mostly covered in large bone
                  | plates. (SH +6) [demonic ancestry]
  3943 | D:4      | Reached XP level 7. HP: 35/55 MP: 7/7
  4233 | D:4      | Got a vibrating jade ring
  4237 | D:4      | Identified the cursed ring "Zogyxy Rarych" {Str-3 Dex+4}
                  | (You found it on level 4 of the Dungeon)
  4296 | D:4      | Reached skill level 5 in Fighting
  5075 | D:4      | Reached skill level 5 in Long Blades
  5331 | D:4      | Found an iron altar of Okawaru.
  5331 | D:4      | Found a bloodstained altar of Trog.
  5463 | D:5      | Entered Level 5 of the Dungeon
  5565 | D:5      | Gained mutation: You have sharp toenails. [demonic
                  | ancestry]
  5565 | D:5      | Reached XP level 8. HP: 55/63 MP: 8/8
  5614 | D:5      | Found a glowing drain.
  5649 | Sewer    | Entered a sewer
  5831 | Sewer    | Reached *** piety under Trog
  6084 | D:5      | Reached skill level 5 in Armour
  6217 | D:5      | Found an iron altar of Okawaru.
  6418 | D:5      | Found a staircase to the Ecumenical Temple.
  6822 | D:6      | Reached skill level 1 in Stealth
  6965 | D:6      | Found Cohu's Armour Emporium.
  7069 | D:6      | Reached **** piety under Trog
  7158 | D:6      | Noticed Pikel
  7164 | D:6      | Killed Pikel
  7164 | D:6      | Reached XP level 9. HP: 71/71 MP: 9/9
  8019 | D:7      | Got an ichor-stained morningstar
  8020 | D:7      | Identified the +8 morningstar of Gozag's Wrath {freeze,
                  | *Corrode rF+ Dex+7} (You found it on level 7 of the
                  | Dungeon)
  8080 | D:7      | Found a glowing silver altar of Zin.
  8207 | D:7      | Reached skill level 5 in Dodging
  8448 | D:7      | Found Foabb's Book Boutique.
  8630 | D:7      | Reached skill level 1 in Maces & Flails
  8659 | D:7      | Reached ***** piety under Trog
  9026 | D:8      | You fall through a shaft for 2 floors!
  9026 | D:10     | Entered Level 10 of the Dungeon
  9031 | D:10     | Gained mutation: You are completely covered in large bone
                  | plates. (SH +8) [demonic ancestry]
  9031 | D:10     | Reached XP level 10. HP: 80/80 MP: 10/10
  9528 | D:9      | Found a shattered altar of Ashenzari.
  9873 | D:8      | Found a glowing golden altar of the Shining One.
 10061 | D:8      | Noticed Joseph
 10070 | D:8      | Killed Joseph
 10074 | D:8      | Noticed Erica
 10114 | D:8      | Killed Erica
 10232 | D:8      | Reached skill level 5 in Maces & Flails
 10311 | D:8      | Found a hazy altar of Hepliaklqana.
 10313 | D:8      | Got a steaming leather armour
 10321 | D:8      | Found an opulent altar of Gozag.
 10336 | D:8      | Identified the +3 leather armour of Valiance {rN++ rCorr
                  | Dex-3 Stlth+} (You found it on level 8 of the Dungeon)
 10384 | D:8      | Noticed Grum
 10401 | D:8      | Killed Grum
 10774 | D:8      | Noticed a deep elf mage
 10783 | D:8      | Killed a deep elf mage
 11076 | D:9      | Found a staircase to the Orcish Mines.
 11100 | D:9      | Reached XP level 11. HP: 87/87 MP: 11/11
 11941 | D:9      | Received a gift from Trog
 12707 | D:10     | Noticed a two-headed ogre
 12717 | D:10     | Killed a two-headed ogre
 14150 | D:11     | Found a staircase to the Lair.
 14199 | D:11     | Noticed a green ugly thing
 14219 | D:11     | Killed a green ugly thing
 14289 | D:11     | Found Hamnesmi's Weapon Boutique.
 14697 | D:12     | Found a gate leading to a gauntlet.
 14705 | Gauntlet | Entered a Gauntlet
 14705 | Gauntlet | Found a transporter.
 14706 | Gauntlet | Noticed a soul eater
 14711 | Gauntlet | Found a transporter.
 14712 | Gauntlet | Found a transporter.
 14718 | Gauntlet | Noticed a soul eater
 14720 | Gauntlet | Found a transporter.
 14723 | Gauntlet | Found a transporter.
 14727 | Gauntlet | Found a runed translucent door.
 14730 | Gauntlet | Found a runed translucent door.
 14735 | Gauntlet | Noticed a large abomination
 14738 | Gauntlet | Noticed an obsidian statue
 14743 | Gauntlet | Found a transporter.
 14776 | Gauntlet | Found a runed translucent door.
 14806 | Gauntlet | Found a transporter.
 14836 | Gauntlet | Found a transporter.
 14836 | Gauntlet | Found a transporter.
 14856 | Gauntlet | Found a transporter.
 14856 | Gauntlet | Found a transporter.
 14856 | Gauntlet | Noticed a death ooze
 14866 | Gauntlet | Paralysed by fainting for 7 turns
 14884 | Gauntlet | Found a transporter.
 15028 | Gauntlet | Killed a death ooze
 15176 | Gauntlet | Killed a large abomination
 15190 | Gauntlet | Received a gift from Trog
 15218 | Gauntlet | Got a warped copper ring
 15225 | Gauntlet | Identified the ring "Zalent" {+Blink +Fly SInv} (You found
                  | it in a Gauntlet)
 15395 | Gauntlet | Identified the +7 trident of Amise {flame, +Fly rPois Str+4
                  | Dex-5}
 15395 | Gauntlet | Noticed a minotaur
 15416 | Gauntlet | Killed a minotaur
 15416 | Gauntlet | Reached XP level 12. HP: 56/96 MP: 12/12
 15678 | Gauntlet | Identified the Compendium of Benedictions
 15681 | Gauntlet | Got a thick robe
 15695 | Gauntlet | Identified the +1 robe of the Will of the Gods {rPois rN+
                  | SInv} (You found it in a Gauntlet)
 15836 | D:12     | Reached skill level 10 in Fighting
 16752 | D:13     | Found Iceshoyseez's Antique Armour Boutique.
 16762 | D:13     | Noticed a tengu warrior
 16763 | D:13     | Noticed a tengu warrior
 16768 | D:13     | Killed a tengu warrior
 16773 | D:13     | Killed a tengu warrior
 17041 | D:13     | Noticed a centaur warrior
 17048 | D:13     | Killed a centaur warrior
 17048 | D:13     | Reached skill level 10 in Long Blades
 17147 | D:13     | Found a gate to the Vaults.
 17147 | D:13     | Noticed a vault guard
 17157 | D:13     | Killed a vault guard
 18400 | Orc:1    | Entered Level 1 of the Orcish Mines
 18419 | Orc:1    | Found a frozen archway.
 18464 | IceCv    | Entered an ice cave
 18686 | IceCv    | Reached skill level 10 in Armour
 18694 | IceCv    | Received a gift from Trog
 18901 | IceCv    | Reached XP level 13. HP: 91/105 MP: 13/13
 19491 | IceCv    | Noticed a frost giant
 19503 | IceCv    | Killed a frost giant
 20272 | Orc:1    | Received a gift from Trog
 20822 | Orc:1    | Noticed an orc warlord
 20840 | Orc:1    | Killed an orc warlord
 20847 | Orc:1    | Reached skill level 5 in Stealth
 21140 | Orc:1    | Noticed an orc warlord
 21152 | Orc:1    | Killed an orc warlord
 21423 | Orc:2    | Entered Level 2 of the Orcish Mines
 21510 | Orc:2    | Found a burning altar of Makhleb.
 21862 | Orc:2    | Received a gift from Trog
 21870 | Orc:2    | Got a dazzling shortbow {god gift}
 22104 | Orc:2    | Identified the +7 shortbow "Nuux" {flame, Fragile MR+ Str+2
                  | SInv} (Trog gifted it to you on level 2 of the Orcish
                  | Mines)
 22183 | Orc:2    | Found a staircase to the Elven Halls.
 22202 | Orc:2    | Paralysed by an orc sorcerer for 4 turns
 22213 | Orc:2    | Reached skill level 10 in Dodging
 23159 | Orc:2    | Found Kayqol's Antique Weapon Shop.
 23161 | Orc:2    | Found Diaprij's Magic Scroll Emporium.
 23198 | Orc:2    | Found Vekhlo Xairo's Antique Weapon Emporium.
 23200 | Orc:2    | Found Ticouxto's General Store.
 23275 | Orc:2    | Bought a scroll of identify for 24 gold pieces
 23275 | Orc:2    | Bought a scroll of identify for 24 gold pieces
 23275 | Orc:2    | Bought a scroll of enchant armour for 90 gold pieces
 23289 | Orc:2    | Bought a scroll of identify for 30 gold pieces
 23300 | Orc:2    | Bought a scroll of teleportation for 36 gold pieces
 23300 | Orc:2    | Bought a scroll of teleportation for 36 gold pieces
 23300 | Orc:2    | Bought a scroll of teleportation for 36 gold pieces
 23849 | D:14     | Reached XP level 14. HP: 99/115 MP: 14/14
 23968 | D:14     | Noticed Roxanne
 24147 | Lair:1   | Entered Level 1 of the Lair of Beasts
 25566 | Lair:2   | Received a gift from Trog
 25765 | Lair:2   | Reached skill level 1 in Shields
 26605 | Lair:3   | Found a transporter.
 26633 | Lair:3   | Noticed Nuesmol's ghost (journeyman FoFi)
 26668 | Lair:3   | Found a transporter.
 27090 | Lair:3   | Found a staircase to the Swamp.
 27656 | Lair:3   | HP: 5/116 [moth of wrath (7)]
 27656 | Lair:3   | Mangled by a moth of wrath

Skill      XL: |  1  2  3  4  5  6  7  8  9 10 11 12 13 14 |
---------------+-------------------------------------------+-----
Dodging        | 2 3 4 5 6 7 8 10 | 10.4
Armour         | 2 3 4 6 7 8 9 10 | 10.9
Long Blades    | 3 4 5 6 7 9 10 11 12 | 12.2
Fighting       | 4 5 6 7 8 9 11 12 | 12.4
Stealth        | 1 3 4 5 |  5.6
Maces & Flails | 2 5 |  5.3
Shields        | 2 |  2.6

Action                   |  1- 3 |  4- 6 |  7- 9 | 10-12 | 13-15 || total
-------------------------+-------+-------+-------+-------+-------++-------
Melee: Falchion          |   100 |   176 |   373 |       |       ||   649
       Kick              |       |       |   116 |   250 |   157 ||   523
       Great sword       |       |       |    53 |       |       ||    53
       Morningstar       |       |       |    52 |    77 |       ||   129
       Unarmed           |       |       |     2 |       |       ||     2
       Scimitar          |       |       |       |   630 |   571 ||  1201
Invok: Berserk           |     2 |     5 |     7 |    22 |    13 ||    49
       Brothers in Arms  |       |       |       |     8 |     4 ||    12
  Use: Scroll            |       |       |     9 |    18 |    13 ||    40
       Potion            |       |       |       |       |     7 ||     7
 Stab: Sleeping          |     4 |       |     2 |    24 |    15 ||    45
       Distracted        |       |       |       |     2 |     4 ||     6
  Eat: Chunk             |     5 |     9 |    19 |    28 |    22 ||    83
       Ration            |       |     1 |     1 |     8 |     6 ||    16
Armor: Animal skin       |    14 |       |       |       |       ||    14
       Chain mail        |    31 |   107 |   227 |    28 |       ||   393
       Leather armour    |       |       |       |   128 |   100 ||   228
Dodge: Dodged            |    57 |    81 |   190 |   402 |   342 ||  1072
Block: Other             |       |    24 |   168 |   372 |   239 ||   803
       Reflection        |       |       |     2 |    10 |     5 ||    17
       Buckler           |       |       |       |       |   141 ||   141
       Rpst.: Falchion   |    18 |    27 |    39 |       |       ||    84
       Great sword       |       |       |     4 |       |       ||     4
       Scimitar          |       |       |       |    93 |    90 ||   183
